 Dungeon Crawl Stone Soup version 0.26-a0-639-g72c4674329 (webtiles) character file.

Game seed: 6629711428281138203

516224 Borgoz the Shatterer (level 25, -5/117 HPs)
             Began as a Gargoyle Berserker on Sept 18, 2020.
             Was the Champion of Trog.
             Splashed by an acid blob's acid (7 damage)
             ... created by the Royal Jelly
             ... on level 5 of the Pits of Slime.
             The game lasted 02:06:26 (55479 turns).

Borgoz the Shatterer (Gargoyle Berserker)          Turns: 55479, Time: 02:06:26

Health: -5/117     AC: 27    Str: 32    XL:     25   Next: 18%
Magic:  23/23      EV: 30    Int: 11    God:    Trog [******]
Gold:   396        SH:  0    Dex: 27    Spells: 24/24 levels left

rFire    + . .     SeeInvis +   a - +5 great mace "Heaprat Hora" {flame, Str+3 Dex+4}
rCold    + . .     Faith    .   (shield currently unavailable)
rNeg     + . .     Spirit   .   X - +3 chain mail "Pewaffi" {MR+ Dex+4}
rPois    ∞         Reflect  .   H - +2 hat {MR+}
rElec    +         Harm     .   V - +2 cloak
rCorr    +         Rampage  .   Q - +0 pair of gloves "Wobbuaf" {Dex+2}
MR       ++++.     Rnd*Rage +   h - +0 pair of boots
Stlth    ..........             b - amulet of Intasebb {rElec rF+ Regen+ SInv}
HPRegen  0.00/turn              m - ring of resist corrosion
MPRegen  0.18/turn              l - ring "Yseij" {*Slow rC+ MR+ Str+6 Int+3}

@: corroded, berserk cooldown, flying, very slightly contaminated, slowed,
invisible, very slow
A: big wings, berserk 3, blurry vision 2, deformed body, deterioration 1, frail
3, negative energy resistance 1, screaming 2, electricity resistance, inhibited
regeneration, weak 1, unbreathing, petrification resistance, no potion heal 1,
rot immunity, AC +19
}: 3/15 runes: decaying, serpentine, silver
a: Stop Flying, Berserk, Trog's Hand, Brothers in Arms, Renounce Religion


You were on level 5 of the Pits of Slime.
You worshipped Trog.
Trog was exalted by your worship.
You visited 9 branches of the dungeon, and saw 45 of its levels.
You visited the Abyss 1 time.
You also visited: Ice Cave and Volcano.

You collected 7446 gold pieces.
You spent 7050 gold pieces at shops.

Inventory:

Hand Weapons
 a - the +5 great mace "Heaprat Hora" (weapon) {flame, Str+3 Dex+4}
   (Trog gifted it to you on level 15 of the Dungeon)

   It has been specially enchanted to burn those struck by it, causing extra
   injury to most foes and up to half again as much damage against particularly
   susceptible opponents.
   It affects your strength (+3).
   It affects your dexterity (+4).
Armour
 h - a +0 pair of boots (worn)
 H - a +2 hat of magic resistance (worn)
 Q - the +0 pair of gloves "Wobbuaf" (worn) {Dex+2}
   (You found it on level 3 of the Swamp)

   It affects your dexterity (+2).
 V - a +2 cloak (worn)
 X - the +3 chain mail "Pewaffi" (worn) {MR+ Dex+4}
   (You found it on level 3 of the Elven Halls)

   It affects your dexterity (+4).
   It affects your resistance to hostile enchantments.
Jewellery
 b - the amulet of Intasebb (around neck) {rElec rF+ Regen+ SInv}
   (You bought it in a shop on level 11 of the Dungeon)

   [amulet of regeneration]

   It protects you from fire.
   It insulates you from electricity.
   It lets you see invisible.
   It increases your rate of regeneration.
 k - an uncursed ring of positive energy
 l - the ring "Yseij" (right hand) {*Slow rC+ MR+ Str+6 Int+3}
   (You bought it in a shop on level 1 of the Snake Pit)

   [ring of strength]

   It affects your strength (+6).
   It affects your intelligence (+3).
   It protects you from cold.
   It affects your resistance to hostile enchantments.
   It may slow you when you take damage.
 m - a ring of resist corrosion (left hand)
 M - a +4 ring of slaying
Wands
 p - a wand of disintegration (28)
 q - a wand of polymorph (52)
 w - a wand of digging (7)
 x - a wand of iceblast (42)
 y - a wand of paralysis (27)
 A - a wand of flame (41)
 C - a wand of enslavement (10)
 D - a wand of acid (7)
Scrolls
 c - 4 scrolls of fear
 f - 11 scrolls of magic mapping
 i - 23 scrolls of teleportation
 t - 17 scrolls of remove curse
 z - 4 scrolls of blinking
 E - 5 scrolls of fog
 J - a scroll of summoning
Potions
 e - 4 potions of berserk rage
 g - 7 potions of ambrosia
 j - 7 potions of haste
 n - 3 potions of cancellation
 r - 8 potions of stabbing
 s - 15 potions of curing
 B - 2 potions of resistance
 G - 3 potions of invisibility
 I - 7 potions of heal wounds
 O - 3 potions of might


   Skills:
 + Level 19.8 Fighting
 * Level 22.9 Maces & Flails
 + Level 19.8 Armour
 * Level 21.0 Dodging


You had 24 spell levels left.
You didn't know any spells.
Your spell library was empty.

Dungeon Overview and Level Annotations

Branches:
Dungeon (15/15)            Temple (1/1) D:7            Lair (6/6) D:11
  Swamp (4/4) Lair:3        Snake (4/4) Lair:3        Slime (5/5) Lair:6
    Orc (2/2) D:11            Elf (3/3) Orc:2        Vaults (5/5) D:13
  Crypt (0/3) Vaults:2     Depths (0/5) D:15          IceCv (visited)
Volcano (visited)

Altars:
Ashenzari
Cheibriados
Dithmenos
Elyvilon
Fedhas
Gozag
Hepliaklqana
Kikubaaqudgha
Makhleb
Nemelex Xobeh
Okawaru
Qazlal
Ru
Sif Muna
Trog
Uskayaw
Vehumet
Wu Jian
Xom
Yredelemnul
Zin
The Shining One
Beogh
Jiyva

Shops:
D:11 =   D:14 [   D:15 *   Orc:2 :([[   Elf:1 ?   Elf:2 *   Elf:3 [   Snake:1 =
Snake:3 *=*=}==:   Snake:4 !(:*

Annotations:
Slime:5 Royal Jelly


Innate Abilities, Weirdness & Mutations

You are resistant to torment.
Your stone body is resilient. (AC +19)
You are immune to poison.
Your large and strong wings let you fly indefinitely.
You resist negative energy. (rN+)
You are resistant to electric shocks. (rElec)
You can survive without breathing.
You are immune to petrification.
You are immune to rotting.
You have an uncontrollable temper.
Scrolls take you longer to read.
Armour fits poorly on your strangely shaped body.
Your body sometimes deteriorates upon taking damage.
You are extremely frail. (-30% HP)
You sometimes yell uncontrollably at your foes.
You do not regenerate when monsters are visible.
You are weak. (Str -2)
Potions are less effective at restoring your health.


Message History

Okay, then.
Okay, then.
Okay, then.
Okay, then.
Okay, then.
Your system partially rejects the healing.
You feel much better. The acid blob spits acid at you.
The splash of acid hits you but does no damage.
You are splashed with acid.
You resist. The acid blob completely misses you.
The death ooze barely misses you. The death ooze misses you.
The acid blob hits you!!
* * * LOW HITPOINT WARNING * * *
You are splashed with acid.
You resist.
* * * LOW HITPOINT WARNING * * *
The acid blob spits acid at you. The splash of acid hits you. You resist.
* * * LOW HITPOINT WARNING * * *
You are splashed with acid!
You resist.
You die...

..........................
...........................
............................
.............................
.^...........................
.......................
.......................
.......................
..............@........
.............JJJ.......
..............J........
..............J........
..............J........
...........####.#####..
..........## #GG# .........##
##G# ........## #.G#


You could see 3 acid blobs, an azure jelly, 3 great orbs of eyes and 2 death
oozes.

Vanquished Creatures
  Mennas (Vaults:5)
  Vashnia (Snake:2)
  Saint Roka (Vaults:1)
  The ghost of Qoegg the Demonic Blade, an adept DsGl of Okawaru (Elf:1)
  2 golden dragons (Vaults:4)
  Nikola (Snake:3)
  2 liches
  5 tentacled monstrosities
  2 deep elf master archers (Elf:3)
  A titan (Vaults:5)
  An ancient champion (Vaults:2)
  7 acid blobs
  3 sphinxes
  Gastronok (D:8)
  A storm dragon (Vaults:5)
  3 tengu reavers
  2 shadow dragons (Vaults:5)
  2 thorn hunters (Swamp:4)
  Frances (Swamp:1)
  The ghost of Ruet the Markscentaur, an adept CeHu of Okawaru (Elf:1)
  The ghost of Naub the Peltast, an adept HaCK of Xom (Elf:1)
  6 nagarajas
  Donald (Vaults:4)
  A revenant (Vaults:2)
  3 frost giants
  2 azure jellies
  5 fire giants
  3 orc warlords
  13 vault wardens
  8 deep elf sorcerers
  An iron dragon (Vaults:4)
  3 deep elf elementalists (Elf:3)
  5 very ugly things
  10 ironheart preservers
  8 stone giants
  An entropy weaver (Vaults:1)
  6 deep elf demonologists
  A white draconian (IceCv)
  The ghost of Mahiaf the Blocker, a journeyman GnFi of Qazlal (D:14)
  A minotaur (Lair:5)
  13 deep elf annihilators
  4 ettins
  Snorg (D:11)
  An ettin (shapeshifter) (Vaults:5)
  6 deep elf death magi
  A crystal guardian (Vaults:4)
  17 yaktaur captains
  3 fire dragons
  34 vault guards
  3 deep elf high priests (Elf:3)
  15 naga warriors
  21 hydras
  Harold (D:9)
  A hydra (shapeshifter) (Vaults:5)
  A rakshasa (Abyss:1)
  6 shambling mangroves
  2 ghost crabs
  4 centaur warriors
  9 alligators
  22 anacondas
  A death knight (Vaults:1)
  31 dancing weapons
  5 death yaks
  47 two-headed ogres
  14 ogre magi
  Erica (D:11)
  A vampire mage (Vaults:2)
  2 thrashing horrors (Abyss:1)
  7 shock serpents
  A deep troll earth mage (Vaults:5)
  10 naga sharpshooters
  The ghost of Lunath the Gouger, a journeyman FeBe of Trog (Lair:5)
  2 orc high priests
  12 skeletal warriors
  A sixfirhy (Abyss:1)
  21 deep elf knights
  A shadow wraith (Vaults:1)
  A wretched star (Abyss:1)
  2 flayed ghosts
  8 salamander mystics
  A death drake (shapeshifter) (Vaults:4)
  4 unseen horrors
  2 starcursed masses (Abyss:1)
  A spriggan druid (Swamp:4)
  A glowing orange brain (Vaults:4)
  10 naga ritualists
  7 wizards
  6 deep trolls
  4 lindwurms (Snake:4)
  Pikel (D:8)
  19 swamp dragons
  14 deep elf archers
  16 ironbrand convokers
  3 phantasmal warriors (Vaults:5)
  A necromancer (Vaults:1)
  13 orc knights
  The ghost of twist the Skirmisher, a novice DsCK of Xom (D:6)
  8 harpies
  26 ugly things
  2 wolf spiders
  7 shining eyes
  79 deep elf magi
  3 orc sorcerers
  A cyclops (shapeshifter) (Vaults:4)
  23 mana vipers
  6 cyclopes
  15 elephants
  5 toenail golems (Volcano)
  12 salamanders
  A worldbinder (Abyss:1)
  10 guardian serpents
  A manticore (D:13)
  A faun (shapeshifter) (Vaults:5)
  30 black mambas
  An ice statue (IceCv)
  23 naga magi
  5 eyes of devastation
  Maggie (D:8)
  4 centaur zombies
  A cane toad (shapeshifter) (Vaults:4)
  A smoke demon (Abyss:1)
  15 vault sentinels
  A black mamba (shapeshifter) (Vaults:5)
  A gargoyle (D:14)
  2 rime drakes
  16 cane toads
  40 yaktaurs
  9 komodo dragons
  7 freezing wraiths
  An anaconda simulacrum (Abyss:1)
  2 ancient zymes (Abyss:1)
  A troll (shapeshifter) (Vaults:1)
  29 polar bears
  A polar bear (shapeshifter) (Elf:3)
  5 trolls
  26 hornets
  4 meliai (D:15)
  8 bog bodies
  A tengu simulacrum (Vaults:2)
  Grinder (D:6)
  Prince Ribbit (D:8)
  12 tyrant leeches
  A snapping turtle (shapeshifter) (Vaults:5)
  3 raiju (Abyss:1)
  4 dream sheep (Lair:6)
  A blink frog (shapeshifter) (Elf:3)
  9 blink frogs
  64 slime creatures
  11 hippogriffs
  2 air elementals
  A tarantella (shapeshifter) (Vaults:3)
  18 spriggans
  3 large abominations
  55 yaks
  3 shadows
  A ynoxinul (Abyss:1)
  A yak (shapeshifter) (Vaults:1)
  6 wraiths
  5 wyverns
  8 water elementals
  5 basilisks
  A golden eye (shapeshifter) (Vaults:3)
  4 fire elementals
  2 neqoxecs (Abyss:1)
  5 small abominations
  A chaos spawn (Abyss:1)
  36 vampire mosquitoes
  41 nagas
  12 wargs
  4 acid dragons
  A soldier ant (shapeshifter) (Vaults:5)
  26 swamp worms
  5 insubstantial wisps (Swamp:4)
  15 water moccasins
  Duvessa (D:7)
  14 porcupines
  2 sky beasts
  A floating eye (Slime:2)
  16 swamp drakes
  6 eyes of draining
  14 ice beasts
  45 orc warriors
  3 phantoms
  A black bear (shapeshifter) (Vaults:4)
  5 black bears
  A human zombie (Vaults:1)
  A necrophage (D:4)
  11 boggarts
  An eye of draining (shapeshifter) (Vaults:2)
  54 ogres
  54 wolves
  11 centaurs
  2 human skeletons (Vaults:1)
  4 lemures (D:8)
  16 crocodiles
  An elf skeleton (Vaults:1)
  A big kobold (D:12)
  19 bullfrogs
  2 gnoll sergeants
  A yaktaur skeleton (Vaults:1)
  Dowan (D:7)
  7 scorpions
  23 wights
  5 killer bees
  8 jellies
  8 howler monkeys
  3 electric eels
  A bullfrog zombie (D:8)
  Crazy Yiuf (D:3)
  10 orc priests
  8 hounds
  A human simulacrum (Vaults:3)
  3 centaur skeletons
  25 orc wizards
  An iron imp (D:7)
  8 worker ants
  5 iguanas
  A killer bee zombie (D:8)
  A hound skeleton (D:5)
  2 worker ant zombies
  4 gnolls
  13 adders
  A white imp (D:7)
  2 ufetubi (Abyss:1)
  An ooze (D:3)
  2 adder zombies
  4 worms
  3 dart slugs
  4 leopard geckos
  99 orcs
  A ball python (D:1)
  5 bats
  8 giant cockroaches
  5 goblins
  3 hobgoblins
  5 jackals
  6 quokkas
  7 frilled lizards
  13 kobolds
  A quokka skeleton (D:6)
  4 rats
  14 briar patches
  A lurking horror (Abyss:1)
1975 creatures vanquished.

Vanquished Creatures (collateral kills)
  2 deep elf blademasters (Elf:3)
  A deep elf death mage (Elf:3)
  A dancing weapon (Elf:3)
  A death yak (Lair:5)
  A naga sharpshooter (Snake:3)
  A deep elf mage (Vaults:4)
  An orc warrior (Vaults:1)
  A crocodile (Lair:5)
9 creatures vanquished.

Vanquished Creatures (others)
  A thorn hunter (Swamp:4)
  A deep elf death mage (Vaults:4)
  An ettin (Vaults:5)
  3 deep elf magi
  A cane toad (Swamp:3)
  2 hornets (Swamp:2)
  A spriggan (Swamp:2)
  A yak (IceCv)
  A fire elemental (Elf:1)
  An orc warrior (Vaults:5)
  A boggart (Vaults:3)
  An orc wizard (Elf:1)
  4 orcs
  4 briar patches
  A bush (D:7)
  21 fungi
  32 plants
  4 withered plants (Elf:1)
81 creatures vanquished.

Grand Total: 2065 creatures vanquished

Notes
Turn   | Place    | Note
-------+----------+-------------------------------------------
     0 | D:1      | Borgoz the Gargoyle Berserker began the quest for the Orb.
     0 | D:1      | Reached XP level 1. HP: 14/14 MP: 1/1
   446 | D:1      | Reached XP level 2. HP: 18/19 MP: 2/2
  1269 | D:2      | Reached XP level 3. HP: 14/23 MP: 3/3
  1631 | D:2      | Reached ** piety under Trog
  1638 | D:2      | Reached XP level 4. HP: 10/29 MP: 4/4
  2686 | D:3      | Reached XP level 5. HP: 27/33 MP: 5/5
  3186 | D:3      | Reached skill level 4 in Maces & Flails
  3397 | D:3      | Found a runed translucent door.
  3398 | D:3      | Noticed Crazy Yiuf
  3405 | D:3      | Killed Crazy Yiuf
  3405 | D:3      | Reached XP level 6. HP: 39/39 MP: 6/6
  4017 | D:4      | Noticed a necrophage
  4033 | D:4      | Killed a necrophage
  4182 | D:4      | Reached skill level 5 in Fighting
  4182 | D:4      | Reached XP level 7. HP: 44/44 MP: 7/7
  4313 | D:4      | Reached *** piety under Trog
  4509 | D:5      | Entered Level 5 of the Dungeon
  4712 | D:5      | Found a hazy altar of Hepliaklqana.
  4741 | D:5      | Reached skill level 5 in Maces & Flails
  4741 | D:5      | Reached skill level 5 in Armour
  4913 | D:5      | Reached XP level 8. HP: 51/51 MP: 8/8
  5644 | D:5      | Reached skill level 6 in Maces & Flails
  5744 | D:6      | Found an ancient bone altar of Kikubaaqudgha.
  5750 | D:6      | Noticed Grinder
  5751 | D:6      | Paralysed by Grinder for 4 turns
  5764 | D:6      | Killed Grinder
  5813 | D:6      | Reached XP level 9. HP: 33/56 MP: 9/9
  6004 | D:6      | Reached skill level 5 in Dodging
  6474 | D:6      | Noticed twist's ghost (novice DsCK)
  6477 | D:6      | Found a runed translucent gate.
  6478 | D:6      | Found a runed translucent gate.
  6478 | D:6      | Found a runed translucent gate.
  6506 | D:6      | Noticed a two-headed ogre
  6520 | D:6      | Killed a two-headed ogre
  6520 | D:6      | Reached skill level 7 in Maces & Flails
  7065 | D:7      | Found a staircase to the Ecumenical Temple.
  7082 | Temple   | Entered the Ecumenical Temple
  7750 | D:7      | Noticed Duvessa
  7750 | D:7      | Noticed Dowan
  7758 | D:7      | Killed Duvessa
  7758 | D:7      | Reached XP level 10. HP: 64/64 MP: 10/10
  7760 | D:7      | Killed Dowan
  7822 | D:7      | Reached **** piety under Trog
  7871 | D:7      | Noticed a two-headed ogre
  7877 | D:7      | Killed a two-headed ogre
  8148 | D:7      | Reached skill level 8 in Maces & Flails
  8250 | D:7      | Found a snail-covered altar of Cheibriados.
  8470 | D:8      | Noticed Gastronok
  8511 | D:8      | Noticed Maggie
  8527 | D:8      | Killed Maggie
  8607 | D:8      | Killed Gastronok
  8760 | D:8      | Found a basalt altar of Yredelemnul.
  8790 | D:8      | Reached XP level 11. HP: 71/71 MP: 11/11
  8865 | D:8      | Noticed Prince Ribbit
  8924 | D:8      | Killed Prince Ribbit
  8924 | D:8      | Reached skill level 9 in Maces & Flails
  9422 | D:8      | Noticed Pikel
  9459 | D:8      | Killed Pikel
  9658 | D:9      | Reached skill level 10 in Fighting
  9738 | D:9      | Found a shattered altar of Ashenzari.
  9780 | D:9      | Noticed a two-headed ogre
  9796 | D:9      | Killed a two-headed ogre
  9980 | D:9      | Reached skill level 10 in Armour
 10008 | D:9      | Found a hide-covered altar of Uskayaw.
 10435 | D:9      | Noticed a two-headed ogre
 10449 | D:9      | Killed a two-headed ogre
 10449 | D:9      | Reached ***** piety under Trog
 10514 | D:10     | Entered Level 10 of the Dungeon
 10514 | D:10     | Noticed Harold
 10548 | D:9      | Killed Harold
 10919 | D:10     | Reached skill level 10 in Maces & Flails
 11006 | D:10     | Reached XP level 12. HP: 48/79 MP: 12/12
 11603 | D:10     | Noticed a two-headed ogre
 11613 | D:10     | Killed a two-headed ogre
 11817 | D:10     | Got a transparent leather armour
 11828 | D:10     | Identified the +0 leather armour "Moovuudo" {Slay+3 SInv}
                  | (You found it on level 10 of the Dungeon)
 12397 | D:11     | Noticed a death yak
 12407 | D:11     | Noticed a death yak
 12409 | D:11     | Noticed a death yak
 12426 | D:11     | Killed a death yak
 12431 | D:11     | Noticed a death yak
 12433 | D:11     | Noticed a death yak
 12442 | D:11     | Killed a death yak
 12470 | D:11     | Noticed Erica
 12470 | D:11     | Noticed Snorg
 12482 | D:12     | Killed a death yak
 12487 | D:12     | Killed a death yak
 12811 | D:12     | Reached skill level 11 in Maces & Flails
 13135 | D:12     | Noticed a four-headed hydra
 13148 | D:12     | Killed a four-headed hydra
 13148 | D:12     | Reached XP level 13. HP: 63/86 MP: 13/13
 14086 | D:11     | Received a gift from Trog
 14125 | D:11     | Found a staircase to the Lair.
 14238 | D:11     | Killed Snorg
 14350 | D:11     | Found Pyruox's Jewellery Shop.
 14407 | D:11     | Killed Erica
 14448 | D:11     | Reached skill level 10 in Dodging
 14584 | D:11     | Found a staircase to the Orcish Mines.
 14839 | D:6      | Killed twist's ghost
 15026 | D:13     | Noticed a yaktaur captain
 15214 | D:13     | Killed a yaktaur captain
 15214 | D:13     | Reached skill level 12 in Maces & Flails
 15385 | D:13     | Found a gate to the Vaults.
 16601 | D:14     | Found a frozen archway.
 16679 | D:14     | Gained mutation: Your large and strong wings let you fly
                  | indefinitely. [Gargoyle growth]
 16679 | D:14     | Reached XP level 14. HP: 39/92 MP: 14/14
 16700 | IceCv    | Entered an ice cave
 17088 | IceCv    | Got an ancient great sword
 17131 | IceCv    | Received a gift from Trog
 17181 | IceCv    | Identified the +3 great sword of the Unseen Realm {freeze,
                  | SInv} (You found it in an ice cave)
 17991 | IceCv    | Noticed a white draconian
 18030 | IceCv    | Killed a white draconian
 18030 | IceCv    | Reached skill level 13 in Maces & Flails
 18710 | D:14     | Found a sparkling altar of Nemelex Xobeh.
 18816 | D:14     | Found Ziar's Antique Armour Emporium.
 19009 | D:14     | Found a shadowy altar of Dithmenos.
 19159 | D:15     | Entered Level 15 of the Dungeon
 19216 | D:15     | Found a runed translucent gate.
 19281 | D:15     | Found a staircase to the Depths.
 19281 | D:15     | Noticed a fire giant
 19293 | D:15     | Killed a fire giant
 19513 | D:15     | Received a gift from Trog
 19528 | D:15     | Got a warped great mace {god gift}
 19542 | D:15     | Found a runed translucent gate.
 19543 | D:15     | Found an opulent altar of Gozag.
 19543 | D:15     | Found a runed translucent gate.
 19545 | D:15     | Noticed a sphinx
 19769 | D:14     | Identified the +5 great mace "Heaprat Hora" {flame, Str+3
                  | Dex+4} (Trog gifted it to you on level 15 of the Dungeon)
 19848 | D:15     | Noticed an orc warlord
 19848 | D:15     | Noticed a fire giant
 19848 | D:15     | Noticed Mahiaf's ghost (journeyman GnFi)
 19849 | D:15     | Found Woesad's Assorted Antiques.
 20878 | Lair:1   | Entered Level 1 of the Lair of Beasts
 21101 | Lair:1   | Reached XP level 15. HP: 93/99 MP: 15/15
 21896 | Lair:2   | Found an ancient bone altar of Kikubaaqudgha.
 22546 | Lair:3   | Reached skill level 14 in Maces & Flails
 22559 | Lair:3   | Found a staircase to the Swamp.
 22568 | Lair:3   | Found a staircase to the Snake Pit.
 22880 | Lair:3   | Found a basalt altar of Yredelemnul.
 23560 | Lair:4   | Found a dark tunnel.
 23565 | Volcano  | Entered a volcano
 23664 | Volcano  | Paralysed by a wizard for 2 turns
 24168 | Lair:4   | Reached ****** piety under Trog
 24198 | Lair:4   | Received a gift from Trog
 25080 | Lair:5   | Found a runed translucent gate.
 25080 | Lair:5   | Found a runed translucent gate.
 25081 | Lair:5   | Found a runed translucent gate.
 25144 | Lair:5   | Noticed Lunath's ghost (journeyman FeBe)
 25402 | Lair:5   | Killed Lunath's ghost
 25527 | Lair:6   | Entered Level 6 of the Lair of Beasts
 25831 | Lair:6   | Reached XP level 16. HP: 93/106 MP: 16/16
 25860 | Lair:6   | Reached skill level 15 in Maces & Flails
 25875 | Lair:6   | Received a gift from Trog
 25899 | Lair:6   | Got a jewelled eveningstar {god gift}
 26088 | Lair:6   | Identified the +5 eveningstar of Hied {flame, *Slow Dex+3}
                  | (Trog gifted it to you on level 6 of the Lair of Beasts)
 26454 | Lair:6   | Found a staircase to the Slime Pits.
 27093 | Lair:1   | Reached XP level 17. HP: 112/112 MP: 17/17
 27114 | D:11     | Bought the amulet of Intasebb {rElec rF+ Regen+ SInv} for
                  | 883 gold pieces
 27202 | D:14     | Bought a fine buckler for 294 gold pieces
 27202 | D:14     | Bought an embroidered hat for 217 gold pieces
 27229 | D:14     | Identified the cursed +0 buckler "Goruol" {Str+3} (You
                  | bought it in a shop on level 14 of the Dungeon)
 27419 | D:15     | Paralysed by a sphinx for 3 turns
 27426 | D:14     | Paralysed by a sphinx for 3 turns
 27567 | D:14     | Killed a sphinx
 27599 | D:14     | Killed Mahiaf's ghost
 27898 | D:15     | Bought a sparkling marble ring for 115 gold pieces
 27984 | Orc:1    | Entered Level 1 of the Orcish Mines
 27986 | Orc:1    | Received a gift from Trog
 28023 | Orc:1    | Found a roughly hewn altar of Beogh.
 28514 | Orc:2    | Entered Level 2 of the Orcish Mines
 29057 | Orc:2    | Reached skill level 16 in Maces & Flails
 29063 | Orc:2    | Reached skill level 15 in Fighting
 29186 | Orc:2    | Found Ysothrana's Weapon Shoppe.
 29186 | Orc:2    | Found Zotzeipp's Book Shop.
 29187 | Orc:2    | Found Xich's Armour Boutique.
 29187 | Orc:2    | Found Peycsyih's Antique Armour Shoppe.
 29306 | Orc:2    | Found a staircase to the Elven Halls.
 29683 | Orc:2    | Bought runed steam dragon scales for 860 gold pieces
 29686 | Orc:2    | Bought the +5 ring mail of Rizaof {MR- Dex+6 Slay+2} for
                  | 686 gold pieces
 29785 | Lair:1   | Identified the ring "Queryw" {rPois rF+ Str+4} (You bought
                  | it in a shop on level 15 of the Dungeon)
 29857 | Swamp:1  | Entered Level 1 of the Swamp
 29875 | Swamp:1  | Reached skill level 15 in Armour
 29885 | Swamp:1  | Received a gift from Trog
 30073 | Swamp:1  | Reached XP level 18. HP: 70/119 MP: 18/18
 30816 | Swamp:1  | Noticed Frances
 30829 | Swamp:1  | Killed Frances
 31101 | Swamp:2  | You are sucked into a shaft and drop 1 floor!
 31421 | Swamp:2  | Received a gift from Trog
 32013 | Swamp:3  | Found a transporter.
 32135 | Swamp:3  | Found a transporter.
 32762 | Swamp:3  | Got a vibrating bronze amulet
 32764 | Swamp:3  | Got an iridescent long sword
 32769 | Swamp:3  | Got a pair of blackened gloves
 32782 | Swamp:3  | Identified the +0 pair of gloves "Wobbuaf" {Dex+2} (You
                  | found it on level 3 of the Swamp)
 32793 | Swamp:3  | Identified the amulet "Ciz Jipn" {Inacc Str+4 Int+3} (You
                  | found it on level 3 of the Swamp)
 32803 | Swamp:3  | Identified the +1 long sword "Plog" {freeze, Str+2 Stlth+}
                  | (You found it on level 3 of the Swamp)
 32851 | Swamp:4  | Entered Level 4 of the Swamp
 33073 | Swamp:4  | Reached skill level 17 in Maces & Flails
 33171 | Swamp:4  | Received a gift from Trog
 33350 | Swamp:4  | Got a decaying rune of Zot
 33481 | Swamp:4  | Noticed a tentacled monstrosity
 33495 | Swamp:4  | Killed a tentacled monstrosity
 33512 | Swamp:4  | Reached skill level 15 in Dodging
 33550 | Swamp:4  | Reached XP level 19. HP: 68/125 MP: 19/19
 33970 | Snake:1  | Entered Level 1 of the Snake Pit
 34582 | Snake:1  | Received a gift from Trog
 34884 | Snake:1  | Found Hedudank's Jewellery Boutique.
 35446 | Snake:2  | Noticed Vashnia
 35464 | Snake:2  | Killed Vashnia
 35834 | Snake:3  | Found Xorphios's Assorted Antiques.
 35860 | Snake:3  | Reached skill level 18 in Maces & Flails
 35876 | Snake:3  | Bought a runed hat for 245 gold pieces
 35876 | Snake:3  | Bought a jade ring for 175 gold pieces
 35997 | Snake:3  | Found Sophoc's Assorted Antiques.
 36004 | Snake:3  | Bought a scintillating steel ring for 165 gold pieces
 36004 | Snake:3  | Bought a scroll of identify for 66 gold pieces
 36004 | Snake:3  | Identified the ring "Igaagasch" {Fire rElec Dex+2 Stlth+}
                  | (You bought it in a shop on level 3 of the Snake Pit)
 36007 | Snake:3  | Found Kemoqul's Jewellery Emporium.
 36060 | Snake:3  | Received a gift from Trog
 36224 | Snake:3  | Got an ancient robe
 36282 | Snake:3  | Noticed Nikola
 36299 | Snake:3  | Killed Nikola
 36720 | Snake:3  | Found Sennuriu's Jewellery Shop.
 36730 | Snake:3  | Bought the ring "Zuidd" {rF+ rC+} for 585 gold pieces
 36733 | Snake:3  | Found Moloipoa's Book Emporium.
 36785 | Snake:3  | Found Axtody's Jewellery Boutique.
 36785 | Snake:3  | Found Uledu's Gadget Shoppe.
 36786 | Snake:3  | Found Digyp's Jewellery Boutique.
 36950 | Snake:3  | Reached XP level 20. HP: 131/132 MP: 20/20
 37055 | Snake:4  | Entered Level 4 of the Snake Pit
 37316 | Snake:4  | Found Maaluoj's General Store.
 37319 | Snake:4  | Found Oryuppap's Book Boutique.
 37319 | Snake:4  | Found Noabb's Antique Weapon Shop.
 37322 | Snake:4  | Found Urin's Distillery.
 37366 | Snake:4  | Identified the ring of Berev {*Contam rElec rC+ MR- Str+5}
 37936 | Snake:4  | Received a gift from Trog
 38626 | Snake:4  | Reached skill level 19 in Maces & Flails
 38635 | Snake:4  | Got a serpentine rune of Zot
 38985 | Lair:1   | Identified the +1 robe "Ipitzur" {rElec Int+2 Dex+2} (You
                  | found it on level 3 of the Snake Pit)
 39086 | Vaults:1 | Entered Level 1 of the Vaults
 39177 | Vaults:1 | Received a gift from Trog
 39330 | Vaults:1 | Noticed Saint Roka
 39380 | Vaults:1 | Killed Saint Roka
 40097 | Vaults:1 | Reached XP level 21. HP: 139/139 MP: 21/21
 40263 | Vaults:1 | Received a gift from Trog
 40500 | Vaults:1 | Identified a scroll of acquirement
 40501 | Vaults:1 | Acquired a manual of Dodging
 41007 | Vaults:2 | You are sucked into a shaft and drop 1 floor!
 41315 | Vaults:2 | Received a gift from Trog
 42264 | Vaults:2 | Received a gift from Trog
 42268 | Vaults:2 | Found a staircase to the Crypt.
 42485 | Vaults:3 | Reached skill level 20 in Maces & Flails
 42871 | Vaults:3 | Got a shimmering amber ring
 42875 | Vaults:3 | Identified the ring "Boymud" {Dex+6 Stlth+} (You found it
                  | on level 3 of the Vaults)
 42930 | Vaults:3 | Reached XP level 22. HP: 132/146 MP: 22/22
 43096 | Vaults:3 | Cast into level 1 of the Abyss (orc knight)
 43244 | Abyss:1  | Gained mutation: You tend to lose your temper in combat. [a
                  | neqoxec]
 43246 | Abyss:1  | Gained mutation: You are frail. (-10% HP) [a neqoxec]
 43438 | Abyss:1  | Received a gift from Trog
 43450 | Vaults:3 | Escaped the Abyss
 44835 | Vaults:4 | Noticed Donald
 44845 | Vaults:4 | Killed Donald
 45602 | Elf:1    | Entered Level 1 of the Elven Halls
 45969 | Elf:1    | Received a gift from Trog
 46001 | Elf:1    | Got a transparent great sword
 46002 | Elf:1    | Identified the +2 great sword of the Middle {antimagic,
                  | rElec rF- MR++ Str+4} (You found it on level 1 of the Elven
                  | Halls)
 46095 | Elf:1    | Found a runed translucent gate.
 46096 | Elf:1    | Found a runed translucent gate.
 46098 | Elf:1    | Found a runed translucent gate.
 46129 | Elf:1    | Noticed Ruet's ghost (adept CeHu)
 46129 | Elf:1    | Noticed Qoegg's ghost (adept DsGl)
 46129 | Elf:1    | Noticed Naub's ghost (adept HaCK)
 46552 | Elf:1    | Identified the cursed +1 battleaxe of Gizen {venom, Dex+9}
 46568 | Elf:1    | Reached skill level 21 in Maces & Flails
 46793 | Elf:1    | Found Fajauf Puoph's Magic Scroll Shoppe.
 47042 | Elf:1    | Killed Qoegg's ghost
 47061 | Elf:1    | Killed Ruet's ghost
 47082 | Elf:1    | Killed Naub's ghost
 47091 | Elf:1    | Got a crude lapis lazuli ring
 47170 | Elf:1    | Bought a scroll of identify for 34 gold pieces
 47170 | Elf:1    | Identified the ring of Qiakhy {+Inv Stlth+} (You found it
                  | on level 1 of the Elven Halls)
 47264 | Elf:2    | Reached XP level 23. HP: 137/137 MP: 23/23
 47265 | Elf:2    | Found a huge runed translucent gate.
 47265 | Elf:2    | Found a huge runed translucent gate.
 47265 | Elf:2    | Found a huge runed translucent gate.
 47266 | Elf:2    | Found a huge runed translucent gate.
 47267 | Elf:2    | Found a huge runed translucent gate.
 47349 | Elf:2    | Received a gift from Trog
 47464 | Elf:2    | Found Merch's General Store.
 48177 | Elf:2    | Received a gift from Trog
 48214 | Elf:2    | Got a pitted morningstar {god gift}
 48215 | Elf:2    | Identified the +5 morningstar of Valiance {vorpal, Str+4}
                  | (Trog gifted it to you on level 2 of the Elven Halls)
 48333 | Elf:3    | Entered Level 3 of the Elven Halls
 48368 | Elf:3    | Found an ancient bone altar of Kikubaaqudgha.
 49257 | Elf:3    | Received a gift from Trog
 49285 | Elf:3    | Identified the Collected Works on Aerial Sinister Arts
 49295 | Elf:3    | Found the +6 lightning scales {run, rElec}
 49531 | Elf:3    | Got an encrusted chain mail
 49646 | Elf:3    | Identified the +3 chain mail "Pewaffi" {MR+ Dex+4} (You
                  | found it on level 3 of the Elven Halls)
 49843 | Elf:3    | Found Cobun's Antique Armour Shoppe.
 50465 | Snake:1  | Bought the ring "Yseij" {*Slow rC+ MR+ Str+6 Int+3} for
                  | 1103 gold pieces
 50557 | Snake:3  | Bought an uncursed ring of resist corrosion for 300 gold
                  | pieces
 50859 | Vaults:5 | Entered Level 5 of the Vaults
 50864 | Vaults:5 | Noticed a golden dragon
 50925 | Vaults:5 | Noticed a golden dragon
 51098 | Vaults:4 | Reached XP level 24. HP: 144/144 MP: 23/23
 51179 | Vaults:4 | Reached skill level 22 in Maces & Flails
 51625 | Vaults:5 | Noticed Mennas
 51669 | Vaults:5 | Killed Mennas
 51985 | Vaults:5 | Received a gift from Trog
 52733 | Vaults:5 | Identified the cursed +2 rapier "Vimmuunt" {vorpal, +Rage
                  | rPois rC++ Stlth-}
 52837 | Vaults:5 | Got a silver rune of Zot
 52839 | Vaults:5 | Got a pitted chain mail
 52840 | Vaults:5 | Identified the cursed +0 chain mail of Rifauhua {*Slow
                  | rPois Int+4 Dex+3} (You found it on level 5 of the Vaults)
 53074 | Vaults:5 | Got a translucent battleaxe
 53075 | Vaults:5 | Identified the +2 battleaxe of Bright Courage {speed, rC+
                  | Str+4} (You found it on level 5 of the Vaults)
 53512 | Snake:4  | Bought a potion of mutation for 120 gold pieces
 53512 | Snake:4  | Bought a potion of haste for 150 gold pieces
 53512 | Snake:4  | Bought a potion of haste for 150 gold pieces
 53512 | Snake:4  | Bought 2 potions of heal wounds for 150 gold pieces
 53674 | Snake:3  | Bought a potion of berserk rage for 175 gold pieces
 53674 | Snake:3  | Bought a potion of mutation for 280 gold pieces
 53705 | Snake:3  | Bought 3 scrolls of teleportation for 297 gold pieces
 54060 | Slime:1  | Entered Level 1 of the Pits of Slime
 54145 | Slime:1  | Gained mutation: You occasionally shout uncontrollably at
                  | your foes. [a shining eye]
 54149 | Slime:1  | Gained mutation: Potions are less effective at restoring
                  | your health. [a shining eye]
 54152 | Slime:1  | Gained mutation: Armour fits poorly on your strangely
                  | shaped body. [a shining eye]
 54153 | Slime:1  | Gained mutation: You are very frail. (-20% HP) [a shining
                  | eye]
 54154 | Slime:1  | Gained mutation: You are clumsy. (Dex -2) [a shining eye]
 54156 | Slime:1  | Gained mutation: You sometimes yell uncontrollably at your
                  | foes. [a shining eye]
 54158 | Slime:1  | Gained mutation: You often lose your temper in combat. [a
                  | shining eye]
 54163 | Lair:6   | Gained mutation: You do not regenerate when monsters are
                  | visible. [a shining eye]
 54727 | Lair:6   | Reached XP level 25. HP: 75/134 MP: 20/23
 54965 | Slime:2  | Gained mutation: Your body sometimes deteriorates upon
                  | taking damage. [a shining eye]
 54967 | Slime:2  | Gained mutation: You are weak. (Str -2) [a shining eye]
 54971 | Slime:2  | Gained mutation: Scrolls take you a little longer to read.
                  | [a shining eye]
 54972 | Slime:2  | Gained mutation: You have an uncontrollable temper. [a
                  | shining eye]
 55107 | Slime:3  | Gained mutation: You are extremely frail. (-30% HP) [a
                  | shining eye]
 55110 | Slime:3  | Gained mutation: Scrolls take you longer to read. [a
                  | shining eye]
 55281 | Slime:4  | Lost mutation: You are clumsy. (Dex -2) [a shining eye]
 55288 | Slime:5  | Entered Level 5 of the Pits of Slime
 55448 | Slime:5  | Found a viscous altar of Jiyva.
 55449 | Slime:5  | Noticed the Royal Jelly
 55479 | Slime:5  | HP: 3/117 [acid[the Royal Jelly] (4)]
 55479 | Slime:5  | Splashed by an acid blob's acid

Illustrated notes

Levels and vault maps discovered:
D:1:      elethiomel_arrival_infinity_welcomes_careful_drivers, layout_rooms
D:2:      layout_basic, minmay_misc_feat_square
D:3:      layout_loops_corners, uniq_crazy_yiuf_cottage
D:4:      layout_loops_ring
D:5:      layout_basic, nicolae_overflow_crystal_walls
D:6:      minmay_chambers_of_sixes, layout_rooms, old_standard_altar,
          ebering_ghost_rock_garden, uniq_grinder
D:7:      layout_gridville, slow_altar_2, minmay_temple_entry_poolview,
          kb_lookout_dungeons_type, uniq_duvessa
D:8:      layout_loops_cross, lemuel_round_altar, minmay_bent, uniq_pikel,
          uniq_gastronok, uniq_maggie, uniq_prince_ribbit1
D:9:      layout_rooms, evilmike_ruin_ashenzari, eat_drink_and_be_merry_uskayaw
D:10:     layout_gridville, uniq_harold
D:11:     layout_layer_cave, dpeg_lair_monsters, orc_0_dummy, serial_shops,
          shop_statue, nrook_guardian_serpent_ordinary, uniq_erica, uniq_snorg
D:12:     layout_roguey
D:13:     layout_long_grid, david_vaults_2, nicolae_underground_beach
D:14:     layout_cave_pools, nemelex_xobeh_ov_fountains_minmay,
          portal_ice_cave_entry_ice_beasts, serial_shops, shop, basic_altar
D:15:     grunt_enter_depths_giant_problem, layout_basic, ebering_ghost_gozag
Temple:   regret_index_temple_sphere_string
Lair:1:   layout_chaotic_city, beast_lair_carwin_6, grunt_megastairs_4
Lair:2:   layout_regular_city, basic_altar
Lair:3:   layout_small_grid, skrybe_swamp_entry_bodies,
          minmay_snake_entry_guardpost_small, basic_altar, minivault_24,
          serial_bayou_shore_a
Lair:4:   layout_regular_city, enter_volcano_4, chequers_serial_rivers_small_b
Lair:5:   layout_regular_city, maelrawn_ghost_gauntlet_escape
Lair:6:   minmay_lair_end_enchanted_forest, layout_cave_pods,
          minmay_slime_entry_pillars
Swamp:1:  layout_basic_swamp, nicolae_swamp_treefoil, uniq_frances
Swamp:2:  layout_falls_marsh, serial_swamp_ruin, evilmike_swamp_ruin_house_1,
          evilmike_swamp_ruin_house_5, evilmike_swamp_ruin_house_4,
          water_boxes_lemuel, infiniplex_staircase_pool
Swamp:3:  gammafunk_worm_tunnel, layout_basic_swamp, hangedman_swamp_diagram,
          swamp_pool5, infiniplex_staircase_pool_2
Swamp:4:  swamp_basic_johnstein, layout_basic_swamp
Snake:1:  layout_basic, serial_shops, shop, st_stairs_12
Snake:2:  layout_concentric_octagons, uniq_vashnia
Snake:3:  layout_cave_shapes, serial_shops, shop, shop,
          nicolae_shop_overgrown_old_shop, shop, nicolae_shop_statue_plus,
          nicolae_coiled_stairwell_up, grunt_megastairs_1, minmay_shop_grove,
          uniq_nikola
Snake:4:  snake_pit_salamanders_mu, layout_cave_town, serial_bayou_shore_b,
          serial_bayou_shore_b, minmay_shoptagon
Slime:1:  layout_caves
Slime:2:  layout_caves
Slime:3:  layout_caves
Slime:4:  layout_caves
Slime:5
Orc:1:    layout_caves, basic_altar, minmay_orc_barracks
Orc:2:    st_orc_ogre_mass, layout_caves
Elf:1:    layout_geoelf_grid, gammafunk_ghost_cemetery, serial_shops, shop,
          minmay_elf_sorcery
Elf:2:    layout_geoelf_grid, serial_shops, shop, serial_sigils,
          serial_sigils_hangedman_shear, serial_sigils_hangedman_clutch,
          serial_sigils_hangedman_gnaw, serial_sigils_hangedman_shear,
          serial_sigils_hangedman_quiver, uniq_louise
Elf:3:    elf_hall, layout_geoelf_grid, serial_shops, shop, basic_altar,
          drop_trap
Vaults:1: grunt_vaults_swirl, v_alt_pattern_2, vaults_mumra_lcd,
          nicolae_vaults_halls_meeting, v_alt_pattern_2,
          nicolae_vaults_network_star, hangedman_vaults_hat,
          hangedman_vaults_maws, ontoclasm_vaults_gateway,
          layout_vaults_omnicross, uniq_saint_roka
Vaults:2: nicolae_vaults_network_s, nicolae_vaults_hallways_thing,
          nicolae_vaults_display_case, ontoclasm_vaults_decontamination,
          hangedman_vaults_stretched_pinwheel, nicolae_vaults_little_squares_2,
          vaults_dpeg_spiral, minmay_crypt_entry_simple_walls, v_rooms_5,
          v_misc_9, vaults_dpeg_encased_lava, vaults_dpeg_diagonal,
          serial_ice_b, layout_vaults_maze_bifur
Vaults:3: nicolae_vaults_meeting, hangedman_vaults_slice, v_alt_pattern_3,
          v_misc_19, hangedman_vaults_impose,
          nicolae_vaults_windows_and_doors_thing, v_pattern_3,
          grunt_vaults_hallway_short, nicolae_vaults_alarming,
          layout_vaults_big_room
Vaults:4: hangedman_vaults_trim, vaults_standard_mumra_enter_the_diamond,
          v_misc_9, serial_ice_m, v_pattern_1, v_rooms_6,
          layout_vaults_quadrants, uniq_donald
Vaults:5: uniq_mennas

Skill      XL: |  1  2  3  4  5  6  7  8  9 10 11 12 13 14 15 16 17 18 19 20 21 22 23 24 25 |
---------------+----------------------------------------------------------------------------+-----
Dodging        | 2 3 4 6 7 8 9 10 11 12 13 14 15 16 18 19 20 21 | 21.0
Fighting       | 4 5 6 8 9 10 12 13 14 15 16 17 18 19 | 19.8
Armour         | 3 4 5 6 7 9 10 11 12 13 14 15 16 17 18 19 | 19.8
Maces & Flails | 4 5 6 7 8 10 11 12 13 14 15 16 17 18 19 20 21 22 | 22.9

Action                   |  1- 3 |  4- 6 |  7- 9 | 10-12 | 13-15 | 16-18 | 19-21 | 22-24 | 25-27 || total
-------------------------+-------+-------+-------+-------+-------+-------+-------+-------+-------++-------
Melee: Mace              |    98 |   102 |       |       |       |       |       |       |       ||   200
       Flail             |       |    64 |   252 |       |   107 |       |       |       |       ||   423
       Dire flail        |       |       |    76 |   758 |   860 |       |       |       |       ||  1694
       Great mace        |       |       |       |       |   555 |  1129 |  1438 |  1615 |   135 ||  4872
Throw: Throwing net      |       |       |       |       |     1 |       |       |       |       ||     1
Invok: Berserk           |     3 |     1 |     7 |    14 |    19 |    13 |    14 |    11 |       ||    82
       Trog's Hand       |       |     2 |       |     6 |     7 |     5 |     8 |     5 |       ||    33
       Brothers in Arms  |       |       |       |       |     1 |     1 |     3 |     2 |       ||     7
 Abil: Fly               |       |       |       |       |     1 |       |       |       |       ||     1
Evoke: Wand              |       |       |     7 |     1 |     5 |       |     1 |       |       ||    14
  Use: Scroll            |       |       |     8 |     3 |    18 |     8 |    10 |    10 |       ||    57
       Potion            |       |       |       |     2 |     2 |     6 |     2 |     2 |     2 ||    16
 Stab: Sleeping          |     1 |       |       |     1 |       |     1 |     3 |     1 |       ||     7
       Held in net/web   |       |       |       |       |     1 |       |       |       |       ||     1
       Distracted        |       |       |       |       |     1 |     1 |     2 |     2 |       ||     6
Armor: Animal skin       |    41 |    27 |       |       |       |       |       |       |       ||    68
       Ring mail         |       |    28 |       |       |       |   356 |   527 |    77 |       ||   988
       Plate armour      |       |       |   260 |    38 |       |       |       |       |       ||   298
       Chain mail        |       |       |       |   298 |   687 |       |       |   717 |    49 ||  1751
       Leather armour    |       |       |       |    88 |    38 |       |       |       |       ||   126
       Scale mail        |       |       |       |       |   151 |   293 |       |       |       ||   444
Dodge: Dodged            |    79 |   115 |   178 |   596 |  1497 |  1818 |  2204 |  1997 |   113 ||  8597

Table legend: (Time is in decaauts)
 A = Elapsed time spent in this place.
 B = Non-inter-level travel time spent in this place.
 C = Inter-level travel time spent in this place.
 D = Time resting spent in this place.
 E = Time spent auto-exploring this place.
 F = Levels seen in this place.
 G = Mean time per level.
                   A        B        C        D        E       F      G
               +--------+--------+--------+--------+--------+-----+--------+
         Total |  55187 |  50243 |   4944 |  10472 |  26915 |  48 | 1149.7 |
       Dungeon |  20149 |  18671 |   1478 |   5453 |   9525 |  15 | 1343.3 |
        Temple |    162 |    134 |     28 |      0 |    134 |   1 |  162.0 |
          Lair |   7669 |   6677 |    992 |    750 |   4359 |   6 | 1278.2 |
         Swamp |   3960 |   3743 |    217 |    736 |   1986 |   4 |  990.0 |
     Snake Pit |   5614 |   4671 |    943 |    449 |   2863 |   4 | 1403.5 |
    Slime Pits |    625 |    625 |      0 |    378 |      1 |   5 |  125.0 |
  Orcish Mines |   1842 |   1593 |    249 |    172 |    900 |   2 |  921.0 |
   Elven Halls |   4524 |   4092 |    432 |    647 |   2071 |   3 | 1508.0 |
        Vaults |   8338 |   7736 |    602 |    955 |   4559 |   5 | 1667.6 |
         Abyss |    335 |    335 |      0 |     32 |    172 |   1 |  335.0 |
      Ice Cave |   1689 |   1689 |      0 |    865 |    301 |   1 | 1689.0 |
       Volcano |    274 |    274 |      0 |     33 |     43 |   1 |  274.0 |
               +--------+--------+--------+--------+--------+-----+--------+

Top non-repeatable levels by time:
  Lair:6: 2287 daAuts
Vaults:4: 1982 daAuts
    D:12: 1939 daAuts
 Snake:4: 1794 daAuts
   IceCv: 1689 daAuts
Vaults:1: 1662 daAuts
Vaults:5: 1654 daAuts
 Snake:3: 1643 daAuts
Vaults:3: 1583 daAuts
   Elf:1: 1578 daAuts
   Elf:2: 1569 daAuts
     D:5: 1557 daAuts
    D:15: 1542 daAuts
    D:14: 1511 daAuts
  Lair:1: 1468 daAuts
